 Dungeon Crawl Stone Soup version 0.18.1-8-gdd0e5ea (webtiles) character file.

3113 prickly the Skirmisher (level 9, -1/80 HPs)
             Began as a Green Draconian Monk on May 28, 2016.
             Was an Initiate of Gozag.
             Killed from afar by an electric eel (4 damage)
             ... with a bolt of electricity
             ... on level 8 of the Dungeon.
             The game lasted 00:26:46 (7143 turns).

prickly the Skirmisher (Green Draconian Monk)       Turns: 7143, Time: 00:26:47

Health: -1/80      AC: 10    Str: 15    XL:     9   Next: 60%
Magic:  35/35      EV: 13    Int: 12    God:    Gozag
Gold:   1168       SH: 11    Dex: 14    Spells: 0 memorised, 18 levels left

rFire  . . .     SeeInvis .       - Unarmed
rCold  . . .     Gourm    .     (armour unavailable)
rNeg   . . .     Faith    .     w - +2 shield
rPois  +         Spirit   .     (helmet restricted)
rElec  .         Dismiss  .     (no cloak)
rCorr  .         Reflect  .     g - +0 pair of gloves
SustAt .         Harm     .     e - +1 pair of boots
MR     .....                    (no amulet)
Stlth  ++........               l - ring of magical power
                                c - ring of magical power

@: not resistant to hostile enchantments, unstealthy
A: breathe noxious fumes, unfitting armour, poison resistance, cold-blooded, AC
+7
a: Breathe Noxious Fumes, Potion Petition, Call Merchant, Bribe Branch, Renounce
Religion


You were on level 8 of the Dungeon.
You worshipped Gozag.
Gozag was noncommittal.
You were not hungry.

You visited 1 branch of the dungeon, and saw 8 of its levels.

You collected 1168 gold pieces.

Inventory:

Missiles
 s - 6 tomahawks (quivered)
Armour
 e - a +1 pair of boots (worn)
 g - a +0 pair of gloves (worn)
 w - a +2 shield (worn)
Jewellery
 c - a ring of magical power (left hand)
 l - a ring of magical power (right hand)
 F - an uncursed amulet of faith {unknown}
Wands
 m - a wand of flame (0/48)
 E - a wand of iceblast (11/15)
Scrolls
 b - 2 scrolls of identify
 j - 5 scrolls of enchant weapon
 k - a scroll of amnesia
 n - a scroll of immolation {unknown}
 r - 4 scrolls of remove curse
 t - 2 scrolls of teleportation
 u - a scroll of fear {unknown}
 y - a scroll of enchant armour
 A - a scroll of blinking {unknown}
 C - a scroll of vulnerability {unknown}
Potions
 d - a potion of berserk rage {unknown}
 f - a potion of brilliance
 h - a potion of ambrosia {unknown}
 i - 2 potions of curing
 o - 3 potions of lignification
 p - a potion of flight {unknown}
 q - a potion of haste
 x - a potion of magic {unknown}
 D - 2 potions of mutation {unknown}
Books
 v - a book of Frost

   Spells                             Type                      Level
   a - Freeze                         Ice                          1
   b - Throw Frost                    Conjuration/Ice              2
   c - Ozocubu's Armour               Charms/Ice                   3
   d - Throw Icicle                   Conjuration/Ice              4
   e - Summon Ice Beast               Ice/Summoning                4
 z - a book of Annihilations

   Spells                             Type                      Level
   a - Poison Arrow                   Conjuration/Poison           6
   b - Chain Lightning                Conjuration/Air              8
   c - Lehudib's Crystal Spear        Conjuration/Earth            8
   d - Glaciate                       Conjuration/Ice              9
   e - Fire Storm                     Conjuration/Fire             9
 B - a book of Changes

   Spells                             Type                      Level
   a - Beastly Appendage              Transmutation                1
   b - Sticks to Snakes               Transmutation                2
   c - Spider Form                    Transmutation/Poison         3
   d - Ice Form                       Ice/Transmutation            4
   e - Blade Hands                    Transmutation                5
Comestibles
 a - 2 bread rations


   Skills:
 + Level 7.7 Fighting
 + Level 6.2 Dodging
 - Level 1.8 Stealth
 + Level 4.1 Shields
 + Level 7.4 Unarmed Combat
 + Level 5.4 Spellcasting
 - Level 2.6 Evocations


You had 18 spell levels left.
You didn't know any spells.

Dungeon Overview and Level Annotations

Branches:
Dungeon (8/15)             Temple (0/1) D:4
   Lair: D:8-11

Altars:
Elyvilon
Fedhas
Gozag
Makhleb
Pakellas
Vehumet
The Shining One

Annotations:
D:8 Grum


Innate Abilities, Weirdness & Mutations

You can breathe blasts of noxious fumes.
Your lurid green scales are hard (AC +7).
Your body does not fit into most forms of armour.
Your system is resistant to poisons.
You are cold-blooded and may be slowed by cold attacks.


Message History

F - a thick silver amulet You block the adder zombie's attack.
The electric eel shoots out a bolt of lightning at you!
The bolt of electricity hits you! You block the adder zombie's attack.
The electric eel shoots out a bolt of lightning at you!
The bolt of electricity hits you!
* * * LOW HITPOINT WARNING * * *
The adder zombie bites you but does no damage.
The electric eel shoots out a bolt of lightning at you!
The bolt of electricity hits you!
* * * LOW HITPOINT WARNING * * *
You have got your breath back.
The electric eel shoots out a bolt of lightning at you!
The bolt of electricity hits the adder zombie.
The bolt of electricity hits you!
* * * LOW HITPOINT WARNING * * *
The electric eel shoots out a bolt of lightning at you!
The bolt of electricity hits you!
You die...
Your body crumbles into a pile of gold.

≈≈≈≈≈≈≈≈.!≈≈≈≈≈≈≈
≈≈≈≈≈≈;.. .≈≈≈≈≈≈
.......)# ....... $
........##.......
≈≈≈≈≈≈≈....≈≈≈;≈≈
≈≈≈≈≈≈≈≈..≈≈≈≈≈≈≈
≈≈≈≈≈≈≈≈Z.≈≈≈≈≈≈≈
#≈≈≈≈≈≈≈..≈≈≈≈≈≈≈
##≈≈≈≈≈≈.@≈≈≈≈≈≈#
##≈≈≈≈≈..≈≈≈≈≈##
##≈≈≈≈..≈≈≈≈##
##≈≈≈..≈≈≈## ####''####
######...################
...........)).)(.........
#########.(.#############
#...#


You could see 2 electric eels and an adder zombie.

Vanquished Creatures
  The ghost of elNano the Ducker, a novice HESk of Qazlal (D:6)
  A wyvern (D:8)
  A yak (D:6)
  A soldier ant (D:8)
  Duvessa (D:7)
  An ice beast (D:5)
  A sky beast (D:5)
  An orc warrior (D:7)
  4 phantoms
  2 wolves (D:8)
  2 centaurs
  2 ogres
  3 giant frogs
  2 scorpions
  Dowan (D:7)
  2 howler monkeys
  2 crimson imps
  A quasit (D:7)
  2 hounds
  3 orc priests
  Crazy Yiuf (D:7)
  A giant frog skeleton (D:6)
  A gnoll shaman (D:8)
  4 orc wizards
  7 worker ants
  A mummy (D:5)
  10 adders
  3 gnolls (D:8)
  A shadow imp (D:6)
  An ooze (D:2)
  2 adder skeletons
  An adder zombie (D:8)
  4 worms
  A dart slug (D:2)
  7 giant geckos
  16 orcs
  A ball python (D:5)
  2 bats (D:2)
  7 giant cockroaches
  3 goblins
  6 hobgoblins
  11 jackals
  13 kobolds
  3 quokkas
  A ball python skeleton (D:5)
  5 giant newts
  3 kobold zombies (D:5)
  An orc zombie (D:5)
  A quokka skeleton (D:8)
  3 rats
155 creatures vanquished.

Vanquished Creatures (others)
  7 fungi (D:5)
7 creatures vanquished.

Grand Total: 162 creatures vanquished

Notes
Turn   | Place    | Note
--------------------------------------------------------------
     0 | D:1      | prickly the Draconian Monk began the quest for the Orb.
     0 | D:1      | Reached XP level 1. HP: 19/19 MP: 1/1
   118 | D:1      | Reached XP level 2. HP: 16/26 MP: 2/2
   665 | D:1      | Reached XP level 3. HP: 30/33 MP: 3/3
  1010 | D:2      | Reached skill level 1 in Spellcasting
  1051 | D:2      | Reached XP level 4. HP: 40/40 MP: 5/5
  1260 | D:2      | Found an opulent altar of Gozag.
  1286 | D:2      | Became a worshipper of Gozag Ym Sagoz the Greedy
  1788 | D:3      | Reached XP level 5. HP: 44/47 MP: 7/7
  2393 | D:4      | Reached skill level 5 in Unarmed Combat
  2450 | D:4      | Found a radiant altar of Vehumet.
  2763 | D:4      | Noticed an ogre
  2773 | D:4      | Killed an ogre
  2773 | D:4      | Reached XP level 6. HP: 39/55 MP: 9/9
  3071 | D:4      | Reached skill level 5 in Fighting
  3135 | D:4      | Reached skill level 1 in Evocations
  3150 | D:4      | Found a staircase to the Ecumenical Temple.
  3485 | D:4      | Your scales start taking on a lurid green colour.
  3485 | D:4      | Reached XP level 7. HP: 61/61 MP: 11/11
  3485 | D:4      | Gained mutation: Your system is resistant to poisons. [Green Draconian growth]
  3558 | D:5      | Entered Level 5 of the Dungeon
  4069 | D:5      | Found a blossoming altar of Fedhas.
  4250 | D:5      | Found an oddly glowing altar of Pakellas.
  4336 | D:6      | Noticed elNano's ghost (novice HESk)
  4767 | D:6      | Reached XP level 8. HP: 70/70 MP: 13/13
  4877 | D:6      | Found a burning altar of Makhleb.
  4953 | D:6      | Killed elNano's ghost
  4953 | D:6      | Reached skill level 5 in Dodging
  4953 | D:6      | Reached skill level 1 in Shields
  5032 | D:6      | Found a white marble altar of Elyvilon.
  5551 | D:7      | Reached XP level 9. HP: 63/78 MP: 16/16
  5601 | D:7      | Noticed Dowan
  5602 | D:7      | Noticed Duvessa
  5609 | D:7      | Killed Dowan
  5625 | D:7      | Killed Duvessa
  5646 | D:7      | Noticed Crazy Yiuf
  5655 | D:7      | Killed Crazy Yiuf
  6056 | D:7      | Found a glowing golden altar of the Shining One.
  6095 | D:7      | Reached skill level 5 in Spellcasting
  6119 | D:7      | Found a burning altar of Makhleb.
  6994 | D:8      | Noticed Grum
  7052 | D:8      | Noticed a cyclops
  7142 | D:8      | HP: 3/80 [electric eel/bolt of electricity (10)]
  7143 | D:8      | Killed from afar by an electric eel

Skill      XL: |  1  2  3  4  5  6  7  8  9 |
---------------+----------------------------+-----
Dodging        | 3 4 5 6 |  6.2
Spellcasting   | 1 2 3 4 5 |  5.4
Fighting       | 4 5 6 7 |  7.7
Unarmed Combat | 5 6 7 |  7.4
Evocations     | 1 2 |  2.6
Shields        | 2 4 |  4.1
Stealth        | |  1.8

Action                   |  1- 3 |  4- 6 |  7- 9 || total
-------------------------+-------+-------+-------++-------
Melee: Unarmed           |   117 |   237 |   522 ||   876
       Tailslap          |    14 |    18 |    67 ||    99
       Punch             |     3 |     4 |       ||     7
Throw: Tomahawk          |       |    13 |     3 ||    16
 Abil: Breathe Noxious F |       |       |    19 ||    19
Evoke: Wand              |       |     5 |     1 ||     6
  Use: Scroll            |       |     1 |     5 ||     6
       Potion            |       |     3 |     3 ||     6
 Stab: Sleeping          |       |     3 |     2 ||     5
       Confused          |       |       |     7 ||     7
       Distracted        |       |       |     3 ||     3
  Eat: Fruit             |       |     2 |       ||     2
       Chunk             |       |     1 |       ||     1
       Meat ration       |       |     1 |       ||     1
       Bread ration      |       |       |     4 ||     4
       Royal jelly       |       |       |     1 ||     1
Armor: Skin              |    40 |    41 |   168 ||   249
Dodge: Dodged            |    78 |   122 |   146 ||   346
Block: Shield            |       |       |   209 ||   209
